 Dungeon Crawl Stone Soup version 0.28-a0-1002-gf00fe891ef (webtiles) character file.

Game seed: 5242322584573261385

6715 lunkers the Grappler (level 10, 0/102 HPs)
             Began as a Troll Cinder Acolyte on Dec 2, 2021.
             Was a High Priest of Ignis.
             Slain by a red devil (1 damage)
             ... summoned by a kobold demonologist
             ... on level 9 of the Dungeon on Dec 6, 2021.
             The game lasted 00:25:14 (6212 turns).

lunkers the Grappler (Troll Cinder Acolyte)         Turns: 6212, Time: 00:25:14

Health: 0/102      AC: 15    Str: 20    XL:     10   Next: 74%
Magic:  10/10      EV:  5    Int: 14    God:    Ignis [*****.]
Gold:   1462       SH: 12    Dex:  9    Spells: 11/11 levels left

rFire   + . .      SeeInvis .     - Unarmed
rCold   + . .      Faith    .   h - +0 tower shield {AC+3}
rNeg    + + +      Spirit   .   z - +2 acid dragon scales
rPois   +          Reflect  .   (helmet restricted)
rElec   .          Harm     .   o - +1 cloak
rCorr   +          Rampage  .   (gloves unavailable)
Will    +....                   (boots unavailable)
Stlth   +.........              q - amulet of regeneration
HPRegen 1.87/turn               F - ring "Gont" {rPois rC+ rN+++ Str-4 Int+4}
MPRegen 0.12/turn               i - ring of willpower

@: about to teleport, spiked
A: large, unfitting armour, claws 3, regeneration 1, shaggy fur 1, tough skin 1
a: Renounce Religion, Fiery Armour, Foxfire Swarm, Rising Flame


You were on level 9 of the Dungeon.
You worshipped Ignis.
Ignis was extremely pleased with you.
You visited 1 branch of the dungeon, and saw 9 of its levels.
You also visited: Bailey.

You collected 1462 gold pieces.

Inventory:

Missiles
 b - 247 stones (quivered)
 d - 5 javelins
 l - 3 boomerangs
Armour
 h - a +0 tower shield of protection (worn)
 o - a +1 cloak (worn)
 z - +2 acid dragon scales (worn)
 H - a +2 kite shield of positive energy
Jewellery
 c - a ring of poison resistance
 e - a ring of ice
 i - a ring of willpower (right claw)
 q - an amulet of regeneration (around neck)
 u - a ring of fire
 y - a ring of wizardry
 F - the ring "Gont" (left claw) {rPois rC+ rN+++ Str-4 Int+4}
   (You acquired it on level 7 of the Dungeon)

   [ring of protection from cold]

   Str:       It affects your strength (-4).
   Int:       It affects your intelligence (+4).
   rC:        It protects you from cold.
   rPois:     It protects you from poison.
   rN:        It renders you almost immune to negative energy.
Wands
 a - a wand of digging (6)
 g - a wand of iceblast (8)
 w - a wand of polymorph (7)
 K - a wand of flame (15)
Scrolls
 r - a scroll of magic mapping
 v - 3 scrolls of enchant armour
 x - 3 scrolls of enchant weapon
Potions
 j - a potion of magic
 k - a potion of haste
 m - 3 potions of heal wounds
 n - 2 potions of curing
 p - a potion of brilliance
 s - a potion of lignification
 t - a potion of attraction
 A - a potion of berserk rage {unknown}
 B - a potion of mutation {unknown}
 C - a potion of flight {unknown}
 G - a potion of ambrosia {unknown}
Miscellaneous
 D - a condenser vane
 E - a box of beasts


   Skills:
 + Level 7.5 Fighting
 + Level 5.9 Shields
 * Level 12.2 Unarmed Combat
 - Level 1.0 Spellcasting
 - Level 2.1 Fire Magic
 * Level 1.9 Evocations


You had 11 spell levels left.
You didn't know any spells.
Your spell library contained the following spells:

 Spells                   Type           Power      Damage    Failure   Level
 Foxfire                  Conj/Fire      12%        2x1d4     83%         1
 Scorch                   Fire           12%        2d6       83%         2
 Animate Skeleton         Necr           0%         N/A       94%         1
 Apportation              Tloc           0%         N/A       94%         1
 Summon Small Mammal      Summ           0%         N/A       94%         1
 Blink                    Tloc           0%         N/A       98%         2
 Ensorcelled Hibernation  Hex/Ice        0%         N/A       98%         2
 Call Canine Familiar     Summ           0%         N/A       100%        3
 Summon Guardian Golem    Hex/Summ       0%         N/A       100%        3
 Tukima's Dance           Hex            0%         N/A       100%        3
 Manifold Assault         Tloc           0%         N/A       100%        5
 Spellforged Servitor     Conj/Summ      0%         N/A       100%        7
 Storm Form               Tmut/Air       0%         N/A       100%        7
 Lehudib's Crystal Spear  Conj/Erth      0%         10d2      100%        8


Dungeon Overview and Level Annotations

Branches:
Dungeon (9/15)             Temple (0/1) D:7          Bailey (visited)
   Lair: D:8-11         Orc: D:9-12

Altars:

Shops:
D:7 (


Innate Abilities, Weirdness & Mutations

You are too large for most types of armour.
You have claws for hands.
Your natural rate of healing is unusually fast.
You are covered in fur. (AC +1)
You have tough skin. (AC +1)


Message History

* * * LOW HITPOINT WARNING * * *
The yak gores you but does no damage. The yak barely misses you.
The yak gores you.
* * * LOW HITPOINT WARNING * * *
The yak gores you but does no damage.
The red devil hits you but does no damage.
The howler monkey hoots and howls with incredible vigour!
You block the howler monkey's attack.
You hear a shout!
You claw the yak!
You kill the yak!
The wyvern hisses menacingly.
The howler monkey hoots and howls with incredible vigour!
You block the yak's attack. The yak gores you but does no damage.
You block the yak's attack.
The red devil hits you from afar with a +2 trident of freezing!
* * * LOW HITPOINT WARNING * * *
Barbed spikes become lodged in your body.
The red devil freezes you.
* * * LOW HITPOINT WARNING * * *
The howler monkey barely misses you.
The howler monkey hoots and howls with incredible vigour!
The howler monkey hits you.
* * * LOW HITPOINT WARNING * * *
The iron imp shouts, "Away with thee, thou unctious rude-growing pissant!"
The kobold brigand hits you but does no damage.
The yak gores you.
* * * LOW HITPOINT WARNING * * *
You hear a shout!
You closely miss the yak.
The yak is moderately wounded.
The yak gores you!
* * * LOW HITPOINT WARNING * * *
You block the yak's attack. The howler monkey closely misses you.
You block the howler monkey's attack.
The red devil hits you from afar with a +2 trident of freezing!
* * * LOW HITPOINT WARNING * * *
Barbed spikes become lodged in your body.
The red devil freezes you.
You die...

#...###.........
................
....K...........
.......(..?.....
......K...⌠.....
.....4KK5.........##
.....5YKhK...........
.....5Y@hl..............
......YYh...............
...###..................
. #..$...............
.$###..................
..............# #......
..............# #......
..............###.)))..
.........††.......).)..


You could see a kobold demonologist, 4 yaks, a red devil (summoned), a wyvern, a
kobold brigand, 3 howler monkeys, 2 iron imps, a shadow imp (summoned) and 4
kobolds.

Vanquished Creatures
  Harold (D:7)
  An orc knight (Bailey)
  Maggie (D:6)
  A kobold demonologist (D:9)
  Grinder (D:6)
  A hornet (D:7)
  Prince Ribbit (D:5)
  A yak (D:9)
  Eustachio (D:6)
  2 steam dragons
  Edmund (D:5)
  3 water moccasins
  3 ice beasts
  9 orc warriors
  2 sky beasts
  A phantom (D:7)
  2 centaurs (D:8)
  Blork the orc (D:5)
  3 bullfrogs
  4 scorpions
  8 killer bees
  3 wights (D:7)
  2 howler monkeys (D:7)
  2 centaur zombies
  A bullfrog zombie (D:6)
  6 orc priests
  Crazy Yiuf (D:3)
  2 centaur skeletons (D:7)
  A bullfrog skeleton (D:4)
  A hound (D:6)
  Ijyb (D:3)
  3 iguanas
  10 orc wizards
  A hound zombie (D:5)
  A hound skeleton (D:4)
  2 howler monkey zombies
  4 gnolls (D:2)
  10 adders
  A white imp (D:7)
  A worm (D:2)
  4 dart slugs
  37 orcs
  6 ball pythons
  4 bats
  6 endoplasms
  3 giant cockroaches (D:1)
  9 goblins
  3 hobgoblins
  14 jackals
  4 kobolds
  6 quokkas
  2 frilled lizards (D:2)
  7 rats
206 creatures vanquished.

Notes
Turn   | Place    | Note
-------+----------+-------------------------------------------
     0 | D:1      | lunkers the Troll Cinder Acolyte began the quest for the
                  | Orb.
     0 | D:1      | Reached XP level 1. HP: 22/22 MP: 1/1
    71 | D:1      | Reached XP level 2. HP: 29/29 MP: 2/2
   490 | D:1      | Reached XP level 3. HP: 35/36 MP: 3/3
   666 | D:2      | Reached skill level 4 in Unarmed Combat
   673 | D:2      | Reached XP level 4. HP: 37/45 MP: 4/4
   757 | D:2      | Found a faded altar of an unknown god.
  1318 | D:3      | Reached skill level 5 in Unarmed Combat
  1318 | D:3      | Reached XP level 5. HP: 53/53 MP: 5/5
  1359 | D:3      | Noticed Ijyb
  1374 | D:3      | Killed Ijyb
  1688 | D:3      | Found a runed translucent door.
  1689 | D:3      | Noticed Crazy Yiuf
  1928 | D:3      | Killed Crazy Yiuf
  1929 | D:3      | Reached XP level 6. HP: 54/62 MP: 6/6
  2049 | D:4      | Reached skill level 6 in Unarmed Combat
  2674 | D:4      | Identified a scroll of acquirement
  2674 | D:4      | Acquired a +0 tower shield of protection
  2717 | D:4      | You fall into a shaft and drop 1 floor!
  2717 | D:5      | Entered Level 5 of the Dungeon
  2748 | D:5      | Noticed Edmund
  2756 | D:5      | Noticed an ice beast
  2758 | D:5      | Killed Edmund
  2759 | D:5      | Reached skill level 7 in Unarmed Combat
  2759 | D:5      | Reached XP level 7. HP: 31/71 MP: 7/7
  2768 | D:5      | Reached skill level 1 in Shields
  2775 | D:5      | Acquired an amulet of regeneration
  2857 | D:5      | Noticed Blork the orc
  2870 | D:5      | Killed Blork the orc
  2990 | D:5      | Upgraded the game from 0.28-a0-983-g1de4e0787c to
                  | 0.28-a0-984-g3775c662fe
  3031 | D:5      | Noticed Prince Ribbit
  3052 | D:5      | Killed Prince Ribbit
  3053 | D:5      | Reached skill level 5 in Fighting
  3053 | D:5      | Reached skill level 8 in Unarmed Combat
  3053 | D:5      | Reached XP level 8. HP: 74/80 MP: 8/8
  3595 | D:6      | Noticed Maggie
  3601 | D:6      | Noticed Eustachio
  3602 | D:6      | Killed Maggie
  3603 | D:6      | Reached skill level 9 in Unarmed Combat
  3685 | D:6      | Killed Eustachio
  3686 | D:6      | Reached XP level 9. HP: 89/89 MP: 9/9
  3819 | D:6      | Noticed Grinder
  3836 | D:6      | Killed Grinder
  3917 | D:6      | Reached skill level 10 in Unarmed Combat
  3978 | D:6      | Got Sif Muna's Grimoire of the Destructive Blaze
  4298 | D:7      | Found a flagged portal.
  4359 | Bailey   | Entered a bailey
  4771 | Bailey   | Reached skill level 11 in Unarmed Combat
  4782 | Bailey   | Noticed an orc knight
  4787 | Bailey   | Reached skill level 5 in Shields
  4787 | Bailey   | Reached XP level 10. HP: 75/100 MP: 10/10
  4801 | Bailey   | Killed an orc knight
  5057 | D:7      | Acquired 1044 gold pieces
  5059 | D:7      | Acquired a +2 kite shield of positive energy
  5061 | D:7      | Acquired the ring "Gont" {rPois rC+ rN+++ Str-4 Int+4}
  5075 | D:7      | Noticed Harold
  5092 | D:7      | Killed Harold
  5226 | D:7      | Found a staircase to the Ecumenical Temple.
  5406 | D:7      | Found Woirphes's Weapon Shoppe.
  5557 | D:8      | Upgraded the game from 0.28-a0-984-g3775c662fe to
                  | 0.28-a0-1002-gf00fe891ef
  5596 | D:8      | Reached skill level 12 in Unarmed Combat
  5634 | D:8      | Reached skill level 1 in Evocations
  6212 | D:9      | HP: 1/102 [red devil[a kobold demonologist] (16)]
  6212 | D:9      | Slain by a red devil

Illustrated notes

Levels and vault maps discovered:
D:1:      dpeg_arrival_shrine, layout_basic, minmay_pentomino_o2
D:2:      layout_loops_ring, shapermc_ecumenical_altar_notcrosses, minivault_4
D:3:      layout_rooms, minivault_4, uniq_crazy_yiuf_cottage, uniq_ijyb
D:4:      layout_basic
D:5:      layout_loops_ring, uniq_blork_the_orc, uniq_prince_ribbit1,
          uniq_edmund
D:6:      layout_basic, lemuel_flamethrower_2, uniq_grinder, uniq_maggie,
          uniq_eustachio
D:7:      layout_loops_ring, minmay_temple_entry_mini_moons, serial_shops,
          nicolae_lakefront_shop, enter_bailey_5, uniq_harold
D:8:      layout_gridville
D:9:      layout_big_octagon, lair_entry_dummy, serial_shops,
          nicolae_inconvenience_store, serial_column_ruins,
          column_ruins_open_medium, column_ruins_open_large,
          column_ruins_grid_1, column_ruins_columns_corner,
          column_ruins_open_tiny

Skill      XL: |  1  2  3  4  5  6  7  8  9 10 |
---------------+-------------------------------+-----
Unarmed Combat | 4 5 7 8 9 11 12 | 12.2
Fighting       | 3 4 5 6 7 |  7.5
Shields        | 2 3 5 |  5.9
Evocations     | 1 |  1.9
Spellcasting   | |  1.0
Fire Magic     | |  2.1

Action                   |  1- 3 |  4- 6 |  7- 9 | 10-12 || total
-------------------------+-------+-------+-------+-------++-------
Melee: Unarmed           |    43 |   195 |   278 |   176 ||   692
Throw: Stone             |    13 |       |       |     1 ||    14
       Dart              |       |    32 |    21 |     5 ||    58
Evoke: Wand              |       |     2 |       |       ||     2
  Use: Scroll            |       |     8 |     9 |     5 ||    22
       Potion            |       |       |     1 |       ||     1
Armor: Robe              |     9 |    61 |   119 |       ||   189
       Acid dragon scale |       |       |    75 |   136 ||   211
Dodge: Dodged            |    14 |    83 |    77 |    39 ||   213
Block: Tower shield      |       |     5 |   250 |   179 ||   434

Table legend: (Time is in decaauts)
 A = Elapsed time spent in this place.
 B = Non-inter-level travel time spent in this place.
 C = Inter-level travel time spent in this place.
 D = Time resting spent in this place.
 E = Time spent auto-exploring this place.
 F = Levels seen in this place.
 G = Mean time per level.
                   A        B        C        D        E       F      G
               +--------+--------+--------+--------+--------+-----+--------+
         Total |   6285 |   6127 |    158 |     60 |   4060 |  10 |  628.5 |
       Dungeon |   5772 |   5614 |    158 |      0 |   4060 |   9 |  641.3 |
        Bailey |    513 |    513 |      0 |     60 |      0 |   1 |  513.0 |
               +--------+--------+--------+--------+--------+-----+--------+

Top non-repeatable levels by time:
     D:5: 860 daAuts
     D:7: 763 daAuts
     D:6: 736 daAuts
     D:4: 722 daAuts
     D:3: 669 daAuts
     D:1: 657 daAuts
     D:2: 649 daAuts
     D:8: 589 daAuts
  Bailey: 513 daAuts
     D:9: 124 daAuts
